 Dungeon Crawl Stone Soup version 0.25-a0-737-g26c3a87c45 (webtiles) character file.

Game seed: 16958135140180152695, levelgen mode: deterministic

79 Maedhros the Sneak (level 4, -1/28 HPs)
             Began as an Octopode Artificer on Apr 12, 2020.
             Killed themself with a badly aimed fireball (16 damage)
             ... on level 3 of the Dungeon.
             The game lasted 00:03:02 (543 turns).

Maedhros the Sneak (Octopode Artificer)              Turns: 543, Time: 00:03:02

Health: -1/28      AC:  1    Str: 10 (11) XL:     4   Next: 37%
Magic:  6/6        EV: 13    Int: 13      God:
Gold:   65         SH:  0    Dex: 13      Spells: 3/3 levels left

rFire    . . .     SeeInvis .   a - +0 short sword
rCold    . . .     Gourm    .   (no shield)
rNeg     . . .     Faith    .   (helmet restricted)
rPois    .         Spirit   .   (no amulet)
rElec    .         Reflect  .   e - ring of protection from magic
rCorr    .         Harm     .   (no ring)
MR       +....                  (no ring)
Stlth    ++++......             (no ring)
HPRegen  0.09/turn              (no ring)
MPRegen  0.10/turn              (no ring)
                                (no ring)
                                (no ring)

@: no status effects
A: almost no armour, stealthy swim, amphibious, 8 rings, constrict 8, camouflage
1, gelatinous body 1
a: no special abilities


You were on level 3 of the Dungeon.
You were not hungry.

You visited 1 branch of the dungeon, and saw 3 of its levels.

You collected 65 gold pieces.

Inventory:

Hand Weapons
 a - a +0 short sword (weapon)
Missiles
 m - 18 stones (quivered)
Jewellery
 e - a ring of protection from magic (left tentacle)
Wands
 b - a wand of flame (8)
 c - a wand of enslavement (13)
 d - a wand of random effects (13)
Scrolls
 g - 4 scrolls of blinking {unknown}
 h - a scroll of teleportation {unknown}
 i - 2 scrolls of remove curse {unknown}
 k - a scroll of enchant weapon {unknown}
Potions
 j - a potion of degeneration
 l - a potion of mutation {unknown}
 n - a potion of brilliance {unknown}
Comestibles
 f - 2 rations


   Skills:
 - Level 1.0 Fighting
 - Level 1.0 Short Blades
 - Level 2.0 Dodging
 + Level 5.9 Stealth
 - Level 3.2 Evocations


You had 3 spell levels left.
You didn't know any spells.
Your spell library was empty.

Dungeon Overview and Level Annotations

Branches:
Dungeon (3/15)

Altars:

Annotations:
D:2 Robin


Innate Abilities, Weirdness & Mutations

You cannot wear most types of armour.
You are very stealthy in the water. (Stealth+)
You are amphibious.
You can wear up to eight rings at the same time.
You can use your tentacles to constrict eight enemies at once.
Your skin changes colour to match your surroundings (Stealth+).
Your rubbery body absorbs attacks. (AC +1, EV +1)


Message History

You hear a shout!
The goblin hits you.
An orc comes into view. It is wielding a +0 short sword.
Evoke which item? (* to show all) (? for menu, Esc to quit)
Aiming: Throw Flame
Press: ? - help, Shift-Dir - straight line, f - goblin
Aim: a goblin The puff of flame misses the hornet.
The puff of flame hits the orc!
You kill the orc!
You feel your intelligence returning. The goblin closely misses you.
Evoke which item? (* to show all) (? for menu, Esc to quit)
Aiming: Random Effects
Press: ? - help, Shift-Dir - straight line, f - goblin
Aim: a goblin The fireball explodes!
The fireball engulfs the hornet!
The hornet is almost dead.
The fireball engulfs you!
Ouch! That really hurt!
You die...

#.# .###.# # ..##.#
#### .. #.##.###.. ...
... #.##.#.... ... ....
#.##.#.#.# .... .....
#.##.#.#.# .....
......##.##.#.#.##.....
......g@y.....)........
......###(#.#)#..###.#.
..... #.#.#.#..# ####
#...#.#.)# #.#
##..#.#..###.#
#.....)...#.#
#..#......#.#
##.#.)....#.#
####...).†..#.#


You could see a hornet and a goblin.

Vanquished Creatures
  An orc priest (D:3)
  A dart slug (D:3)
  2 leopard geckos (D:3)
  7 orcs (D:3)
  2 giant cockroaches
  A goblin (D:1)
  6 hobgoblins
  A jackal (D:3)
  7 kobolds (D:1)
  A ball python (D:3)
  A bat (D:1)
  2 frilled lizards (D:3)
  5 rats
37 creatures vanquished.

Vanquished Creatures (others)
  A jackal (D:3)
1 creature vanquished.

Grand Total: 38 creatures vanquished

Notes
Turn   | Place    | Note
-------+----------+-------------------------------------------
     0 | D:1      | Maedhros the Octopode Artificer began the quest for the
                  | Orb.
     0 | D:1      | Reached XP level 1. HP: 13/13 MP: 3/3
   111 | D:1      | Reached skill level 2 in Stealth
   154 | D:1      | Reached skill level 3 in Stealth
   154 | D:1      | Reached XP level 2. HP: 4/18 MP: 4/4
   311 | D:2      | Noticed Robin
   344 | D:3      | Reached skill level 4 in Stealth
   347 | D:3      | Reached XP level 3. HP: 15/23 MP: 5/5
   504 | D:3      | Reached skill level 5 in Stealth
   504 | D:3      | Reached XP level 4. HP: 18/28 MP: 6/6
   537 | D:3      | Noticed a hornet
   543 | D:3      | Killed themself with a badly aimed fireball

Levels and vault maps discovered:
D:1:      scummos_arrival_hexagon, layout_loops_corners
D:2:      layout_basic, first_ration, minivault_27, uniq_robin
D:3:      layout_basic, st_stairs_1

Skill      XL: |  1  2  3 |
---------------+----------+-----
Stealth        | 3 4 5 |  5.9
Fighting       | |  1.0
Short Blades   | |  1.0
Dodging        | |  2.0
Evocations     | |  3.2

Action                   |  1- 3 |  4- 6 || total
-------------------------+-------+-------++-------
Melee: Short sword       |    54 |     9 ||    63
       Constrict         |    19 |     2 ||    21
       Tentacles         |     9 |     1 ||    10
Evoke: Wand              |     7 |     4 ||    11
  Use: Potion            |     2 |       ||     2
 Stab: Sleeping          |     1 |       ||     1
Armor: Skin              |     1 |       ||     1
Dodge: Dodged            |    21 |     4 ||    25

Table legend:
 A = Non-vault XP
 B = Vault XP
 C = Vault XP percentage of total XP
 D = Non-vault monster count
 E = Vault monster count
 F = Vault count percentage of total count
                 A         B        C        D         E       F
            +---------+---------+-------+---------+---------+-------
      Total |     113 |       0 |   0.0 |      37 |       0 |   0.0
            +---------+---------+-------+---------+---------+-------
        D:1 |      23 |       0 |   0.0 |      14 |       0 |   0.0
        D:2 |       4 |       0 |   0.0 |       2 |       0 |   0.0
        D:3 |      86 |       0 |   0.0 |      21 |       0 |   0.0
            +---------+---------+-------+---------+---------+-------
